 Dungeon Crawl Stone Soup version 0.17-a0-1997-ga88ed7d (webtiles) character file.

1500 Mordenkainen the Conjurer (level 8, -5/41 HPs)
             Began as a Deep Elf Wizard on Oct 8, 2015.
             Was a Believer of Vehumet.
             Slain by a wyvern (12 damage)
             ... on level 6 of the Dungeon.
             The game lasted 00:23:21 (5217 turns).

Mordenkainen the Conjurer (Deep Elf Wizard)         Turns: 5217, Time: 00:23:22

Health: -5/41      AC:  6    Str:  4    XL:     8   Next: 52%
Magic:  6/20       EV: 12    Int: 26    God:    Vehumet [**....]
Gold:   269        SH:  0    Dex: 13    Spells: 5 memorised, 10 levels left

rFire  + + .     SeeInvis .     H - +3 dagger (venom)
rCold  x . .     Rnd*Rage +     a - +0 robe
rNeg   . . .     SustAt   .     (no shield)
rPois  .         Gourm    .     b - +0 hat
rElec  +         Spirit   .     (no cloak)
rCorr  .         Warding  .     (no gloves)
rMut   +         Stasis   .     y - +2 pair of boots
MR     .....                    B - amulet of resist mutation
Stlth  ++........               q - ring of protection from fire
                                k - ring of fire

@: very slightly contaminated, repel missiles, not resistant to hostile
enchantments, unstealthy
A: molten scales 1, berserk 1, electricity resistance
a: Renounce Religion


You were on level 6 of the Dungeon.
You worshipped Vehumet.
Vehumet was pleased with you.
You were not hungry.

You visited 2 branches of the dungeon, and saw 7 of its levels.
You also visited: Sewer.

You collected 269 gold pieces.

Inventory:

Hand Weapons
 H - a +3 dagger of venom (weapon)
Armour
 a - a +0 robe (worn)
 b - a +0 hat (worn)
 y - a +2 pair of boots (worn)
Jewellery
 k - a ring of fire (left hand)
 q - a ring of protection from fire (right hand)
 B - an amulet of resist mutation (around neck)
Wands
 m - a wand of teleportation (0)
 p - a wand of cold (7)
 E - a wand of draining (5)
 F - a wand of fire (3)
 J - a wand of fire (7)
Scrolls
 e - 2 scrolls of enchant weapon {unknown}
 h - 2 scrolls of identify {unknown}
 i - 3 scrolls of blinking {unknown}
 j - 4 scrolls of remove curse {unknown}
 l - 7 scrolls of recharging {unknown}
 o - 2 scrolls of random uselessness {unknown}
 t - 3 scrolls of teleportation {unknown}
 w - a scroll of amnesia {unknown}
 C - a scroll of fear {unknown}
 D - a scroll of immolation {unknown}
 I - a scroll of summoning {unknown}
Potions
 n - 2 potions of magic {unknown}
 s - a potion of cure mutation {unknown}
 u - a potion of might {unknown}
 v - 2 potions of poison {unknown}
 x - a potion of flight {unknown}
 z - 3 potions of degeneration {unknown}
 A - 2 potions of agility {unknown}
 K - a potion of haste {unknown}
Books
 c - a book of Minor Magic

   Spells                             Type                      Level
   a - Magic Dart                     Conjuration                  1
   b - Blink                          Translocation                2
   c - Call Imp                       Summoning                    2
   d - Repel Missiles                 Charms/Air                   2
   e - Slow                           Hexes                        2
   f - Conjure Flame                  Conjuration/Fire             3
   g - Mephitic Cloud                 Conjuration/Poison/Air       3
Comestibles
 d - 4 bread rations
 f - 2 meat rations
 g - a slice of pizza
 r - a beef jerky
 G - 4 chunks of flesh


   Skills:
 - Level 2.4 Dodging
 - Level 2.4 Stealth
 + Level 7.2 Spellcasting
 * Level 7.9 Conjurations
 - Level 3.0 Charms
   Level 1.1 Summonings
 - Level 3.1 Translocations
 - Level 3.0 Fire Magic
 - Level 3.0 Air Magic
 - Level 3.0 Poison Magic


You had 10 spell levels left.
You knew the following spells:

 Your Spells              Type           Power        Failure   Level  Hunger
a - Magic Dart            Conj           ####         1%          1    None
b - Blink                 Tloc           N/A          2%          2    None
c - Repel Missiles        Chrm/Air       ####..       2%          2    None
e - Conjure Flame         Conj/Fire      ######..     1%          3    None
h - Mephitic Cloud        Conj/Pois/Air  ####....     3%          3    None


Dungeon Overview and Level Annotations

Branches:
Dungeon (6/15)             Temple (1/1) D:5

Altars:
Dithmenos
Fedhas
Makhleb
Okawaru
Sif Muna
Vehumet

Annotations:
D:4 deadman1740's ghost, amateur MiBe
D:6 Menkaure


Innate Abilities, Weirdness & Mutations

You are partially covered in molten scales (AC +1).
You tend to lose your temper in combat.
You are resistant to electric shocks.


Message History

Unknown command.
You hit the wyvern but do no damage.
The wyvern is moderately wounded.
The wyvern is engulfed in roaring flames.
The wyvern bites you.
* * * LOW HITPOINT WARNING * * *
Unknown command.
Casting: Mephitic Cloud
Confirm with . or Enter, or press ? or * to list all spells.
Aiming: Magic Dart
Press: ? - help, Shift-Dir - straight line, f/p - wyvern
Aim: a wyvern (flame, heavily wounded)
The magic dart hits the wyvern.
The wyvern is heavily wounded.
The wyvern is engulfed in roaring flames.
The wyvern bites you!
* * * LOW HITPOINT WARNING * * *
The wyvern is engulfed in roaring flames.
The wyvern bites you!
You die...

..... ## .. .... ##..
###.# .... ....# #...
##... .....# ##.## ##..#
.. ......# ##...## #..#
#.
.......##.....###..######
.....§§#.......#.........
.....§§l@.._.............
.....§§#.......#########.
.......##.....## #).
....... ##...#### ##..
.....## ##.##..# #>.#
..... #..###.## ##.##
.... #..## ##.####..#
..$. #.# #.......# #.
#.##....##


You could see a wyvern.

Vanquished Creatures
  A sky beast (D:4)
  Purgy (Sewer)
  2 ogres
  3 centaurs
  2 scorpions (D:5)
  5 killer bees (D:5)
  2 crimson imps
  A hound (D:4)
  3 orc wizards
  A giant frog zombie (D:4)
  A centaur skeleton (D:5)
  A giant frog skeleton (D:4)
  3 orc priests (D:5)
  2 iguanas
  2 worker ants (D:4)
  A hound skeleton (D:4)
  A worker ant zombie (D:6)
  2 river rats (D:4)
  6 adders
  An ooze (D:4)
  2 worms (D:4)
  3 giant geckos
  19 orcs
  3 giant cockroaches
  5 goblins
  6 hobgoblins
  6 kobolds
  2 ball pythons
  7 bats
  2 giant newts
  2 jackals (Sewer)
  A quokka skeleton (D:4)
  15 rats
114 creatures vanquished.

Vanquished Creatures (others)
  A plant (D:5)
1 creature vanquished.

Grand Total: 115 creatures vanquished

Notes
Turn   | Place    | Note
--------------------------------------------------------------
     0 | D:1      | Mordenkainen the Deep Elf Wizard began the quest for the Orb.
     0 | D:1      | Reached XP level 1. HP: 10/10 MP: 7/7
   279 | D:1      | Reached XP level 2. HP: 12/15 MP: 3/9
   823 | D:2      | Reached XP level 3. HP: 15/19 MP: 3/10
  1258 | D:3      | Found a deep blue altar of Sif Muna.
  1396 | D:3      | Found a radiant altar of Vehumet.
  1408 | D:3      | Became a worshipper of Vehumet
  1412 | D:3      | Learned a level 2 spell: Blink
  1415 | D:3      | Learned a level 2 spell: Repel Missiles
  1419 | D:3      | Learned a level 3 spell: Mephitic Cloud
  2053 | D:3      | Reached XP level 4. HP: 16/24 MP: 4/12
  2060 | D:3      | Learned a level 3 spell: Conjure Flame
  2570 | D:4      | Noticed an ogre
  2594 | D:4      | Noticed deadman1740's ghost (amateur MiBe)
  2595 | D:4      | Killed an ogre
  2595 | D:4      | Reached skill level 5 in Spellcasting
  2595 | D:4      | Reached skill level 5 in Conjurations
  2595 | D:4      | Reached skill level 1 in Charms
  2595 | D:4      | Reached skill level 1 in Air Magic
  2595 | D:4      | Reached XP level 5. HP: 26/28 MP: 2/14
  2598 | D:4      | Noticed a sky beast
  2684 | D:4      | Acquired Vehumet's first power
  2684 | D:4      | Offered knowledge of Freeze by Vehumet.
  2705 | D:4      | Found a blossoming altar of Fedhas.
  2739 | D:4      | Killed a sky beast
  2739 | D:4      | Reached skill level 1 in Fire Magic
  2739 | D:4      | Reached skill level 1 in Poison Magic
  2739 | D:4      | Reached XP level 6. HP: 6/32 MP: 0/16
  2745 | D:4      | Gained mutation: You are partially covered in molten scales (AC +1). [mutagenic meat]
  2746 | D:4      | Gained mutation: You are resistant to electric shocks. [mutagenic meat]
  2747 | D:4      | Gained mutation: You tend to lose your temper in combat. [mutagenic meat]
  2935 | D:4      | Found a shadowy altar of Dithmenos.
  3109 | D:4      | Found a glowing drain.
  3124 | Sewer    | Entered a sewer
  3272 | Sewer    | Noticed Purgy
  3285 | Sewer    | Killed Purgy
  3285 | Sewer    | Reached XP level 7. HP: 36/36 MP: 4/17
  3714 | D:5      | Entered Level 5 of the Dungeon
  3749 | D:5      | Reached skill level 6 in Conjurations
  4209 | D:5      | Offered knowledge of Shock by Vehumet.
  4290 | D:5      | Found a staircase to the Ecumenical Temple.
  4308 | D:5      | Reached XP level 8. HP: 41/41 MP: 2/19
  4426 | Temple   | Entered the Ecumenical Temple
  4622 | D:5      | Found a burning altar of Makhleb.
  4669 | D:5      | Reached skill level 7 in Conjurations
  5054 | D:6      | Noticed Menkaure
  5198 | D:6      | Found an iron altar of Okawaru.
  5217 | D:6      | Slain by a wyvern

Vault maps used:
D:1:      dpeg_arrival_brainrot
D:3:      vehumet_crystals, old_standard_altar
D:4:      kennysheep_little_box, nicolae_dithmenos_shadow_blocks, first_bread,
          portal_sewer_entry_e
D:5:      lightli_temple_of_fire, minmay_temple_entry_enclosed_plants
D:6:      lemuel_round_altar, lemuel_coloured_pillars_altar, uniq_menkaure
Temple:   corrupted_temple
Sewer:    sewer_the_crocodile

Action                   |  1- 3 |  4- 6 |  7- 9 || total
-------------------------+-------+-------+-------++-------
Melee: Unarmed           |    10 |     3 |       ||    13
       Dagger            |       |       |     3 ||     3
 Cast: Magic Dart        |   111 |    89 |   139 ||   339
       Conjure Flame     |       |     8 |    10 ||    18
       Mephitic Cloud    |       |     3 |    10 ||    13
       Blink             |       |     3 |     3 ||     6
       Repel Missiles    |       |       |     1 ||     1
Evoke: Wand              |       |     1 |       ||     1
  Use: Potion            |       |     1 |       ||     1
  Eat: Chunk             |     3 |     7 |     6 ||    16
